 Dungeon Crawl Stone Soup version 0.29.0-11-gd7f09526c8 (webtiles) character file.

Game seed: 16198689389774572094

230 doricub5 the Trooper (level 5, -8/50 HPs)
             Began as a Minotaur Fighter on Sept 3, 2022.
             Mangled by a gnoll
             ... wielding a +2 halberd of venom
              (12 damage)
             ... on level 4 of the Dungeon.
             The game lasted 00:09:37 (3299 turns).

doricub5 the Trooper (Minotaur Fighter)             Turns: 3299, Time: 00:09:38

Health: -8/50      AC: 13    Str: 23    XL:     5   Next: 72%
Magic:  4/4        EV:  6    Int:  5    God:
Gold:   134        SH:  4    Dex:  9    Spells: 4/4 levels left

rFire   . . .      SeeInvis .   a - +0 war axe
rCold   . . .      Faith    .   c - +0 buckler
rNeg    . . .      Spirit   .   l - +1 plate armour
rPois   .          Reflect  .   (helmet restricted)
rElec   .          Harm     .   (no cloak)
rCorr   .          Rampage  .   (no gloves)
Will    .....                   (no boots)
Stlth   ..........              (no amulet)
HPRegen 0.16/turn               (no ring)
MPRegen 0.09/turn               (no ring)

@: lethally poisoned (-8 -> -16)
A: horns 2, retaliatory headbutt
a: no special abilities


You were on level 4 of the Dungeon.
You visited 2 branches of the dungeon, and saw 5 of its levels.

You collected 204 gold pieces.
You spent 70 gold pieces at shops.

Inventory:

Hand Weapons
 a - a +0 war axe (weapon)
 i - a +0 war axe
Missiles
 e - 4 datura-tipped darts (quivered)
Armour
 c - a +0 buckler (worn)
 l - a +1 plate armour (worn)
Wands
 r - a wand of paralysis (11)
 u - a wand of flame (28)
Scrolls
 b - a scroll of blinking {unknown}
 f - a scroll of poison
 j - 5 scrolls of teleportation
 k - a scroll of fear {unknown}
 o - a scroll of brand weapon {unknown}
 q - a scroll of silence {unknown}
Potions
 d - a potion of might
 g - 3 potions of brilliance
 h - a potion of lignification
 m - a potion of degeneration {unknown}
 n - 2 potions of ambrosia {unknown}
 p - a potion of berserk rage {unknown}
 s - a potion of mutation {unknown}
 t - a potion of curing {unknown}


   Skills:
 * Level 6.1 Fighting
 - Level 2.4 Axes
 + Level 5.0 Armour
 + Level 4.9 Shields


You had 4 spell levels left.
You didn't know any spells.
Your spell library contained the following spells:

 Spells                   Type           Power      Damage    Failure   Level
 Magic Dart               Conj           0%         1d3       100%        1
 Call Imp                 Summ           0%         N/A       100%        2
 Mephitic Cloud           Conj/Pois/Air  0%         N/A       100%        3
 Olgreb's Toxic Radiance  Pois           0%         N/A       100%        4
 Ozocubu's Refrigeration  Ice            0%         4d7       100%        7
 Ignition                 Fire           0%         3d3       100%        8


Dungeon Overview and Level Annotations

Branches:
Dungeon (4/15)             Temple (1/1) D:4

Altars:
Ashenzari
Cheibriados
Dithmenos
Elyvilon
Gozag
Kikubaaqudgha
Makhleb
Nemelex Xobeh
Ru
Sif Muna
Trog
Uskayaw
Vehumet
Wu Jian
Xom
Yredelemnul
The Shining One

Shops:
D:1 :   D:2 ?


Innate Abilities, Weirdness & Mutations

You have a pair of horns on your head.
You reflexively headbutt those who attack you in melee.


Message History

The gnoll hits you but does no damage. x2; The gnoll hits you with a +0 club.
You hit the gnoll.
You kill the gnoll!
You hit the gnoll but do no damage.
The gnoll hits you from afar with a +2 halberd of venom!
The gnoll hits you but does no damage.
Your Armour skill increases to level 5!
You are too injured to fight recklessly!
You are too injured to fight recklessly!
You block the gnoll's attack. The gnoll barely misses you.
You see here a +0 club.
You hit the gnoll.
The gnoll is moderately wounded.
You hit the gnoll.
A gnoll comes into view. It is wielding a +0 whip.
The gnoll hits you with a +2 halberd of venom.
You are poisoned.
The gnoll hits you but does no damage.
You hit the gnoll.
The gnoll is heavily wounded.
You barely miss the gnoll.
You feel very sick.
The gnoll hits you with a +2 halberd of venom.
* * * LOW HITPOINT WARNING * * *
You are lethally poisoned!
The gnoll hits you but does no damage. The gnoll barely misses you. x2
You completely miss the gnoll.
The gnoll is heavily wounded.
You closely miss the gnoll. You hit the gnoll but do no damage.
* * * LOW HITPOINT WARNING * * *
You feel very sick.
You block the gnoll's attack. x2; The gnoll hits you but does no damage.
You barely miss the gnoll.
The gnoll is heavily wounded.
You closely miss the gnoll. You slash the gnoll!
* * * LOW HITPOINT WARNING * * *
You feel very sick. The gnoll hits you but does no damage.
The gnoll hits you with a +2 halberd of venom!
You die...

#.# #...#
#.....###### #.#
#...#######.......#
####.# ##......#
#..####.###
.....#######.###>#.#
#..#.......
#####.....#.## ##..#
#....##.###
#.###.#.# #..#
#.#####.# #.#.....#
##..## #.......#
#.#.#.#..###g...#
#########
#.#.#.#.#..g@...#
#.. ..#.#..g###.#
###.###....## #.# #.
####.# #<# . . . #..
.# .. ### #. #.


You could see 3 gnolls.

Vanquished Creatures
  A scorpion (D:4)
  An orc priest (D:3)
  A gnoll (D:4)
  4 adders
  2 worms
  A dart slug (D:2)
  3 orcs (D:3)
  3 endoplasms
  3 giant cockroaches
  4 goblins
  8 hobgoblins
  3 jackals (D:2)
  8 quokkas
  11 ball pythons
  5 bats
  4 frilled lizards
  11 kobolds
  10 rats
83 creatures vanquished.

Notes
Turn   | Place    | Note
-------+----------+-------------------------------------------
     0 | D:1      | doricub5 the Minotaur Fighter began the quest for the Orb.
     0 | D:1      | Reached XP level 1. HP: 19/19 MP: 0/0
   138 | D:1      | Reached skill level 4 in Fighting
   138 | D:1      | Reached XP level 2. HP: 27/27 MP: 1/1
   166 | D:1      | Found a faded altar of an unknown god.
   555 | D:1      | Found Faivva's Book Shoppe.
   772 | D:1      | Reached XP level 3. HP: 34/34 MP: 2/2
  1186 | D:2      | Found a sacrificial altar of Ru.
  1327 | D:2      | Found Yrer's Magic Scroll Emporium.
  1358 | D:2      | Bought a scroll of identify for 20 gold pieces
  1358 | D:2      | Bought a scroll of identify for 20 gold pieces
  1358 | D:2      | Bought a scroll of noise for 10 gold pieces
  1358 | D:2      | Bought a scroll of identify for 20 gold pieces
  1543 | D:2      | Reached skill level 5 in Fighting
  1543 | D:2      | Reached XP level 4. HP: 39/42 MP: 3/3
  2149 | D:3      | Identified the +1 leather armour of Action {-Cast Rampage
                  | Slay+4}
  2226 | D:3      | Reached XP level 5. HP: 47/49 MP: 4/4
  2468 | D:4      | Reached skill level 6 in Fighting
  2597 | D:4      | Found a staircase to the Ecumenical Temple.
  2606 | Temple   | Entered the Ecumenical Temple
  3295 | D:4      | Reached skill level 5 in Armour
  3299 | D:4      | Mangled by a gnoll

Illustrated notes

Levels and vault maps discovered:
D:1:      tarquinn_simple_flora_water_e, layout_loops_corners,
          dreamdust_ecumenical_altar_statues, serial_shops,
          nicolae_shop_hallway_stairs, dk_noncrumbling_4
D:2:      layout_basic, basic_altar, serial_shops, nicolae_shop_hallway_stairs
D:3:      layout_loops_ring, minmay_randomly_rotated_circles
D:4:      layout_loops_cross, minmay_temple_entry_wispy
Temple:   nicolae_temple_bog_church

Skill      XL: |  1  2  3  4  5 |
---------------+----------------+-----
Fighting       | 4 5 6 |  6.1
Armour         | 4 5 |  5.0
Shields        | 4 |  4.9
Axes           | |  2.4

Action                   |  1- 3 |  4- 6 || total
-------------------------+-------+-------++-------
Melee: War axe           |   110 |    76 ||   186
       Headbutt          |    11 |    11 ||    22
  Use: Scroll            |     3 |     3 ||     6
Armor: Scale mail        |    29 |       ||    29
       Plate armour      |    29 |    45 ||    74
       Leather armour    |       |     6 ||     6
Dodge: Dodged            |    39 |    31 ||    70
Block: Buckler           |    27 |    17 ||    44
